 Dungeon Crawl Stone Soup version 0.29-a0-284-gf9362112df (webtiles) character file.

Game seed: 11303420559427903581

77 siradein the Bolt Thrower (level 4, -8/35 HPs)
             Began as a Formicid Hunter on Mar 17, 2022.
             Mangled by Sigmund
             ... wielding a +0 scythe
              (12 damage)
             ... on level 2 of the Dungeon.
             The game lasted 00:03:24 (1098 turns).

siradein the Bolt Thrower (Formicid Hunter)         Turns: 1098, Time: 00:03:24

Health: -8/35      AC:  4    Str: 16    XL:     4   Next: 58%
Magic:  4/4        EV: 12    Int:  8    God:
Gold:   33         SH:  0    Dex: 16    Spells: 3/3 levels left

rFire   . . .      SeeInvis +   a - +1 hand crossbow
rCold   + . .      Faith    .   (no shield)
rNeg    . . .      Spirit   .   b - +0 leather armour
rPois   .          Reflect  .   (helmet unavailable)
rElec   .          Harm     .   j - +0 cloak
rCorr   .          Rampage  .   (no gloves)
Will    .....                   (no boots)
Stlth   ++........              (no amulet)
HPRegen 0.11/turn               k - ring of protection from cold
MPRegen 0.09/turn               (no ring)

@: no status effects
A: permanent stasis, dig shafts and tunnels, antennae 3, four strong arms
a: Dig, Shaft Self


You were on level 2 of the Dungeon.
You visited 1 branch of the dungeon, and saw 2 of its levels.

You collected 33 gold pieces.

Inventory:

Hand Weapons
 a - a +1 hand crossbow (weapon)
Armour
 b - a +0 leather armour (worn)
 j - a +0 cloak (worn)
Jewellery
 e - an amulet of faith
 k - a ring of protection from cold (left hand)
Scrolls
 c - a scroll of immolation
 d - a scroll of identify {unknown}
 i - a scroll of acquirement {unknown}
 l - a scroll of teleportation {unknown}
Potions
 f - a potion of lignification {unknown}
 g - a potion of brilliance {unknown}
 h - 2 potions of heal wounds {unknown}
 m - a potion of haste {unknown}


   Skills:
 + Level 3.3 Fighting
 + Level 4.6 Crossbows
 + Level 2.7 Dodging
 - Level 1.2 Stealth


You had 3 spell levels left.
You didn't know any spells.
Your spell library was empty.

Dungeon Overview and Level Annotations

Branches:
Dungeon (2/15)

Altars:

Annotations:
D:2 Sigmund


Innate Abilities, Weirdness & Mutations

You cannot be hasted, slowed, berserked, paralysed or teleported.
You can dig through walls and to a lower floor.
You have a pair of large antennae on your head. (SInv)
Your four strong arms can wield two-handed weapons with a shield.


Message History

Press: ? - help, Q - select action, (/) - cycle Shift-Dir - straight line, f/p - Sigmund
Aim: Sigmund, wielding a +0 scythe and wearing a +0 robe (heavily wounded, 62% to hit)
You shoot a bolt. The bolt hits Sigmund!
Sigmund is severely wounded.
Sigmund completely misses you.
Shoot: a) +1 hand crossbow
Press: ? - help, Q - select action, (/) - cycle Shift-Dir - straight line, f/p - Sigmund
Aim: Sigmund, wielding a +0 scythe and wearing a +0 robe (severely wounded, 62% to hit)
You shoot a bolt. The bolt closely misses Sigmund.
Sigmund points at you and mumbles some strange words.
You are confused.
Non-targeted confused shoot: a) +1 hand crossbow
Press: ? - help, Q - select action, (/) - cycle Dir - look around, f - activate You shoot a bolt.
Sigmund closely misses you.
Non-targeted confused shoot: a) +1 hand crossbow
Press: ? - help, Q - select action, (/) - cycle Dir - look around, f - activate You shoot a bolt.
Sigmund says, "Don't worry, I'll kill you fast."
Sigmund closely misses you.
Non-targeted confused shoot: a) +1 hand crossbow
Press: ? - help, Q - select action, (/) - cycle Dir - look around, f - activate You shoot a bolt.
Sigmund casts a spell at you. The magic dart hits you.
* * * LOW HITPOINT WARNING * * *
Non-targeted confused shoot: a) +1 hand crossbow
Press: ? - help, Q - select action, (/) - cycle Dir - look around, f - activate You shoot a bolt.
You feel less confused.
Sigmund hits you from afar with a +0 scythe.
* * * LOW HITPOINT WARNING * * *
Shoot: a) +1 hand crossbow
Press: ? - help, Q - select action, (/) - cycle Shift-Dir - straight line, f - Sigmund
Aim: Sigmund, wielding a +0 scythe and wearing a +0 robe (severely wounded, 62% to hit)
You shoot a bolt. The bolt hits Sigmund.
Sigmund is almost dead.
Sigmund says, "You will soon forget everything."
Sigmund hits you from afar with a +0 scythe!
You die...

..# #.# #.###
#.#.#########
#.#.......†.#
#.#.#######.#
#######.#.###.###.######
..............†.........
.######@#.###.###.#.####
#.#.# #.# #.#.#
##@#.###.# #.#.#
>.....)....##.# #.#.#
.<...<#.#..##.# #^#.#
#######.#...#.. ..#.#
##+#.#.#######.#
#....#.........#
#....#..######.#


You could see Sigmund.

Vanquished Creatures
  Natasha (D:2)
  An adder (D:2)
  A dart slug (D:1)
  An orc (D:2)
  4 endoplasms
  3 hobgoblins
  7 jackals
  4 ball pythons (D:1)
  2 bats
  2 frilled lizards (D:1)
  6 goblins (D:1)
  4 kobolds
  2 rats
38 creatures vanquished.

Notes
Turn   | Place    | Note
-------+----------+-------------------------------------------
     0 | D:1      | siradein the Formicid Hunter began the quest for the Orb.
     0 | D:1      | Reached XP level 1. HP: 16/16 MP: 1/1
    79 | D:1      | Reached XP level 2. HP: 23/23 MP: 2/2
   220 | D:1      | Reached XP level 3. HP: 28/28 MP: 3/3
   882 | D:2      | Reached XP level 4. HP: 34/35 MP: 4/4
   992 | D:2      | Noticed Natasha
  1005 | D:2      | Killed Natasha
  1078 | D:2      | Noticed Sigmund
  1098 | D:2      | Mangled by Sigmund

Illustrated notes

Levels and vault maps discovered:
D:1:      dpeg_arrival_pits, layout_basic
D:2:      layout_basic, chequers_ecumenical_altar_simple, uniq_natasha,
          uniq_sigmund

Skill      XL: |  1  2  3 |
---------------+----------+-----
Dodging        | 2 |  2.7
Fighting       | 3 |  3.3
Crossbows      | |  4.6
Stealth        | |  1.2

Action                   |  1- 3 |  4- 6 || total
-------------------------+-------+-------++-------
 Fire: Hand crossbow     |    73 |    40 ||   113
 Abil: Dig               |       |     2 ||     2
Armor: Leather armour    |     5 |     7 ||    12
Dodge: Dodged            |    13 |    12 ||    25

Table legend: (Time is in decaauts)
 A = Elapsed time spent in this place.
 B = Non-inter-level travel time spent in this place.
 C = Inter-level travel time spent in this place.
 D = Time resting spent in this place.
 E = Time spent auto-exploring this place.
 F = Levels seen in this place.
 G = Mean time per level.
                   A        B        C        D        E       F      G
               +--------+--------+--------+--------+--------+-----+--------+
         Total |   1133 |   1058 |     75 |      0 |    813 |   2 |  566.5 |
       Dungeon |   1133 |   1058 |     75 |      0 |    813 |   2 |  566.5 |
               +--------+--------+--------+--------+--------+-----+--------+

Top non-repeatable levels by time:
     D:1: 825 daAuts
     D:2: 307 daAuts
